 Dungeon Crawl Stone Soup version 0.21.1-1-g345015fe64 (webtiles) character file.

182 Revguard the Gusty (level 5, -1/40 HPs)
             Began as a Draconian Air Elementalist on June 10, 2018.
             Killed from afar by an orc wizard (8 damage)
             ... with a puff of flame
             ... on level 3 of the Dungeon.
             The game lasted 00:14:39 (2612 turns).

Revguard the Gusty (Draconian Air Elementalist)     Turns: 2612, Time: 00:14:40

Health: -1/40      AC:  6    Str: 10    XL:     5   Next: 35%
Magic:  2/9        EV: 12    Int: 15    God:
Gold:   89         SH:  0    Dex: 13    Spells: 4/10 levels left

rFire    . . .     SeeInvis .   i - +3 dagger (drain)
rCold    . . .     Gourm    .   (no shield)
rNeg     + . .     Faith    .   (armour unavailable)
rPois    .         Spirit   .   (helmet restricted)
rElec    .         Reflect  .   d - +0 cloak
rCorr    .         Harm     .   (no gloves)
MR       .....                  (no boots)
Stlth    +++.......             (no amulet)
HPRegen  0.13/turn              k - ring of positive energy
MPRegen  0.11/turn              o - ring of stealth

@: lethally poisoned (-1 -> -7), very slightly contaminated, slowed, very slow
A: unfitting armour, cold-blooded, AC +5
a: no special abilities


You were on level 3 of the Dungeon.
You were not hungry.

You visited 1 branch of the dungeon, and saw 3 of its levels.

You collected 89 gold pieces.

Inventory:

Hand Weapons
 e - a +0 dagger
 i - a +3 dagger of draining (weapon)
Armour
 d - a +0 cloak (worn)
Jewellery
 k - a ring of positive energy (left hand)
 o - a ring of stealth (right hand)
Scrolls
 p - a scroll of immolation
Potions
 c - a potion of degeneration
 g - a potion of heal wounds {unknown}
 n - a potion of lignification
Books
 a - a book of Air

   Spells                             Type                      Level
   a - Shock                          Conjuration/Air              1
   b - Swiftness                      Charms/Air                   2
   c - Static Discharge               Conjuration/Air              3
   d - Airstrike                      Air                          4
   e - Lightning Bolt                 Conjuration/Air              5
 m - a book of Misfortune

   Spells                             Type                      Level
   a - Confusing Touch                Hexes                        1
   b - Confuse                        Hexes                        3
   c - Gell's Gravitas                Translocation                3
   d - Petrify                        Transmutation/Earth          4
   e - Metabolic Englaciation         Hexes/Ice                    5
   f - Yara's Violent Unravelling     Hexes/Transmutation          5
Comestibles
 b - 7 rations


   Skills:
 + Level 1.1 Fighting
 * Level 3.2 Short Blades
 + Level 2.2 Dodging
 + Level 2.2 Stealth
 + Level 3.0 Spellcasting
 + Level 1.1 Conjurations
 + Level 3.3 Air Magic


You had 4 spell levels left.
You knew the following spells:

 Your Spells              Type           Power        Failure   Level  Hunger
a - Shock                 Conj/Air       #...         8%          1    #......
b - Swiftness             Chrm/Air       #.......     16%         2    ##.....
c - Static Discharge      Conj/Air       #.......     24%         3    ###....


Dungeon Overview and Level Annotations

Branches:
Dungeon (3/15)

Altars:


Innate Abilities, Weirdness & Mutations

Your plain brown scales are hard. (AC +5)
You cannot fit into any form of body armour.
You are cold-blooded and may be slowed by cold attacks.


Message History

The orc wizard casts a spell at you. You resist with some effort.
You feel sick. The orc wizard casts a spell at you. The magic dart hits you!
* * * LOW HITPOINT WARNING * * *
The frilled lizard barely misses you.
There is an open door, spattered with blood here.
Things that are here:
a short sword; a leopard gecko corpse You feel better.
The kobold shoots a curare-tipped needle.
The curare-tipped needle hits you.
You are poisoned.
You have difficulty breathing.
* * * LOW HITPOINT WARNING * * *
You feel as though you will be slow longer.
The orc wizard casts a spell at you. The puff of flame hits you!
You die...

#....##'###########......,,**,
#..<...................######.
#..................>..........
#........#...............!....
#########........###..........
#.....†.K.('.........#
#.......o###<.......># ####*
#....l...#*#.....!...# #...*
##'##@####.....#####..
##...######.##.# #.....#****,.
#........##.##.# #.$....,,,,,,
#........##.##.# #.....#.,,*,,
#........##.##.# #....<#..,*,,
#........##.##.# *,,,,,*,,,*,,
#........'.....# *,,,,,*,,,*,,
#........##.#### *,,,,,*,,,*,,
#........##.# *,,,,,*,,,*,,


You could see an orc wizard, a kobold and a frilled lizard.

Vanquished Creatures
  An orc priest (D:3)
  A worker ant zombie (D:3)
  6 adders
  2 oozes
  A worm (D:2)
  2 dart slugs
  5 leopard geckos
  4 orcs (D:3)
  4 giant cockroaches
  6 goblins
  4 hobgoblins (D:1)
  7 jackals
  5 kobolds
  A quokka (D:3)
  8 bats
  5 frilled lizards
  9 rats
71 creatures vanquished.

Notes
Turn   | Place    | Note
-------+----------+-------------------------------------------
     0 | D:1      | Revguard the Draconian Air Elementalist began the quest for the Orb.
     0 | D:1      | Reached XP level 1. HP: 14/14 MP: 3/3
   356 | D:1      | Reached XP level 2. HP: 20/20 MP: 3/5
   415 | D:1      | Learned a level 2 spell: Swiftness
   964 | D:1      | Reached XP level 3. HP: 25/26 MP: 0/7
  1079 | D:1      | Learned a level 3 spell: Static Discharge
  1361 | D:2      | Reached skill level 1 in Short Blades
  1550 | D:2      | Reached XP level 4. HP: 31/34 MP: 8/8
  1863 | D:2      | Reached skill level 1 in Fighting
  2156 | D:3      | Reached XP level 5. HP: 30/40 MP: 1/9
  2242 | D:3      | HP: 1/40 [orc (5)]
  2612 | D:3      | Killed from afar by an orc wizard

Skill      XL: |  1  2  3  4  5 |
---------------+----------------+-----
Stealth        | 2 |  2.2
Short Blades   | 1 3 |  3.2
Dodging        | 2 |  2.2
Fighting       | 1 |  1.1
Spellcasting   | 3 |  3.0
Conjurations   | |  1.1
Air Magic      | |  3.3

Action                   |  1- 3 |  4- 6 || total
-------------------------+-------+-------++-------
Melee: Unarmed           |    14 |       ||    14
       Tailslap          |    10 |    10 ||    20
       Dagger            |    99 |    90 ||   189
 Cast: Shock             |    23 |    10 ||    33
       Static Discharge  |       |     3 ||     3
       Swiftness         |       |     2 ||     2
  Use: Scroll            |       |     7 ||     7
       Potion            |       |     2 ||     2
 Stab: Sleeping          |     1 |     3 ||     4
  Eat: Ration            |     1 |     1 ||     2
       Chunk             |     1 |       ||     1
Armor: Skin              |    46 |    38 ||    84
Dodge: Dodged            |    78 |    71 ||   149
